 Dungeon Crawl Stone Soup version 0.30.0-30-g96aa6591b8 (webtiles) character file.

Game seed: 16561938136747231500

28 Peloso the Trooper (level 3, -9/33 HPs)
             Began as a Minotaur Fighter on June 28, 2023.
             Succumbed to a kobold's poison
             ... on level 2 of the Dungeon.
             The game lasted 00:02:57 (651 turns).

Peloso the Trooper (Minotaur Fighter)                Turns: 651, Time: 00:02:57

Health: -9/33      AC:  8    Str: 17 (20) XL:     3   Next: 0%
Magic:  2/2        EV:  9    Int:  4 (5)  God:
Gold:   63         SH:  4    Dex:  8 (11) Spells: 2/2 levels left

rFire   . . .        a - +0 long sword
rCold   . . .        d - +0 buckler
rNeg    . . .        b - +0 scale mail
rPois   .            (helmet restricted)
rElec   .            (no cloak)
rCorr   .            (no gloves)
SInv    .            c - +0 pair of boots
Will    .....        (no amulet) Stlth
                     (no ring)
HPRegen 0.25/turn    (no ring)
MPRegen 0.08/turn

%: no passive effects
@: lethally poisoned (-9 -> -43), attractive
A: horns 2, retaliatory headbutt
a: no special abilities


You were on level 2 of the Dungeon.
You visited 1 branch of the dungeon, and saw 2 of its levels.

You collected 63 gold pieces.

Inventory:

Hand Weapons
 a - a +0 long sword (weapon)
Armour
 b - a +0 scale mail (worn)
 c - a +0 pair of boots (worn)
 d - a +0 buckler (worn)
 i - +0 gold dragon scales
Jewellery
 l - an amulet of guardian spirit
Scrolls
 e - a scroll of enchant armour {unknown}
 f - a scroll of poison {unknown}
 h - a scroll of identify {unknown}
 j - a scroll of teleportation {unknown}
Potions
 g - a potion of might


   Skills:
 + Level 4.2 Fighting
 + Level 2.9 Long Blades
 + Level 4.0 Armour
 + Level 0.1 Dodging
 + Level 3.9 Shields


You had 2 spell levels left.
You didn't know any spells.
Your spell library was empty.

Dungeon Overview and Level Annotations

Branches:
Dungeon (2/15)

Altars:
Nemelex Xobeh


Innate Abilities, Weirdness & Mutations

You have a pair of horns on your head.
You reflexively headbutt those who attack you in melee.


Message History

You closely miss the kobold.
The kobold is moderately wounded.
The kobold hits you but does no damage.
You are poisoned.
You block the kobold's attack.
You closely miss the kobold.
The kobold is moderately wounded.
You feel very sick. The kobold barely misses you.
You hit the kobold but do no damage.
The kobold is moderately wounded.
You feel sick. The kobold hits you but does no damage.
The kobold hits you with a +0 dagger of venom.
You are more poisoned.
You closely miss the kobold.
The kobold is moderately wounded.
You feel very sick. The kobold hits you but does no damage.
You are lethally poisoned!
You barely miss the kobold.
The kobold is moderately wounded.
You feel very sick. The kobold hits you but does no damage.
You are more poisoned.
You hit the kobold but do no damage.
The kobold is moderately wounded.
* * * LOW HITPOINT WARNING * * *
You feel extremely sick. The kobold hits you but does no damage.
You are more poisoned.
It was a potion of attraction.
You feel attractive to monsters.
* * * LOW HITPOINT WARNING * * *
You feel very sick.
The kobold hits you with a +0 dagger of venom.
* * * LOW HITPOINT WARNING * * *
You are more poisoned.
You hit the kobold.
You kill the kobold!
You die...

....#.#.#.###.##
#........#..##..
...#.....[...##.#
#....#...##..##.#######
...#...#.##............
#.#........<.......#####
.....#.#...........#
...#......##..##...#
.#....#..@##..######
...#.....).#..#
.....#.#...#..#
.#....$...#..#
....#...#..#..#
.#....#........
....#...#......
#.#............. .
..#.#........


There were no monsters in sight!

Vanquished Creatures
  4 endoplasms (D:1)
  A giant cockroach (D:1)
  4 goblins (D:1)
  4 hobgoblins (D:1)
  A quokka (D:1)
  4 ball pythons (D:1)
  2 bats (D:1)
  A frilled lizard (D:1)
  3 kobolds
  2 rats (D:1)
26 creatures vanquished.

Notes
Turn   | Place    | Note
-------+----------+-------------------------------------------
     0 | D:1      | Peloso the Minotaur Fighter began the quest for the Orb.
     0 | D:1      | Reached XP level 1. HP: 19/19 MP: 0/0
   140 | D:1      | Reached XP level 2. HP: 27/27 MP: 1/1
   442 | D:1      | Found a sparkling altar of Nemelex Xobeh.
   476 | D:1      | Reached XP level 3. HP: 33/33 MP: 2/2
   631 | D:2      | Identified the +2 robe "Ekkeguc" {Rampage rN+ rCorr}
   650 | D:2      | HP: 1/33 [kobold/+0 dagger of venom (2)]
   651 | D:2      | Succumbed to a kobold's poison

Illustrated notes

Levels and vault maps discovered:
D:1:      pf_arrival_petrified_forest, layout_basic, moated_statue,
          minmay_misc_feat_hallway, minmay_hexomino_r4
D:2:      layout_basic, nicolae_kite_square_tiling_tiny,
          minmay_misc_feat_rugged, uniq_jessica

Skill      XL: |  1  2 |
---------------+-------+-----
Fighting       | 4 |  4.2
Armour         | 4 |  4.0
Long Blades    | |  2.9
Dodging        | |  0.1
Shields        | |  3.9

Action                     || total
---------------------------++-------
  Melee: Long sword        ||    53
         Headbutt          ||     7
    Use: Potion            ||     2
 Armour: Scale mail        ||    28
         Gold dragon scale ||     2
  Dodge: Dodged            ||    28
  Block: Buckler           ||    11
